 Dungeon Crawl Stone Soup version 0.29.0 (webtiles) character file.

Game seed: 7575644193872249725

911 jamesp the Conjurer (level 7, 0/45 HPs)
             Began as a Yellow Draconian Conjurer on Aug 24, 2022.
             Was a Follower of Hepliaklqana.
             Slain by a scorpion (4 damage)
             ... on level 5 of the Dungeon.
             The game lasted 00:26:49 (6679 turns).

jamesp the Conjurer (Yellow Draconian Conjurer)     Turns: 6679, Time: 00:26:49

Health: 0/45       AC:  7    Str: 10    XL:     7   Next: 82%
Magic:  9/13       EV: 12    Int: 18    God:    Hepliaklqana [*.....]
Gold:   325        SH:  0    Dex: 11    Spells: 11/14 levels left

rFire   . . .      SeeInvis .   x - staff of conjuration
rCold   . . .      Faith    .   (no shield)
rNeg    . . .      Spirit   .   (body armour unavailable)
rPois   +          Reflect  .   (helmet restricted)
rElec   .          Harm     .   (no cloak)
rCorr   +          Rampage  .   m - +0 pair of gloves
Will    +....                   (no boots)
Stlth   ++........              (no amulet)
HPRegen 0.15/turn               f - ring of willpower
MPRegen 0.13/turn               r - ring of poison resistance

@: no status effects
A: reduced essence, spit acid, AC +6, unfitting armour, cold-blooded, acid
resistance
a: Breathe Acid, Renounce Religion, Recall Ancestor, Ancestor Identity


You were on level 5 of the Dungeon.
You worshipped Hepliaklqana.
Hepliaklqana was aware of your devotion.
You visited 2 branches of the dungeon, and saw 6 of its levels.

You collected 325 gold pieces.

Inventory:

Hand Weapons
 a - a +4 flail
 b - a +4 shortbow
 c - a +0 dagger
 d - a +3 club
 t - the +6 broad axe "Pepeute" {vorpal, Int-5 Dex+5}
   (You found it on level 4 of the Dungeon)

   It inflicts extra damage upon your enemies.
   Int:       It affects your intelligence (-5).
   Dex:       It affects your dexterity (+5).
 y - a +2 whip of electrocution
Missiles
 e - 41 stones
 l - 8 poisoned darts
 B - 2 silver boomerangs
Armour
 m - a +0 pair of gloves (worn)
Magical Staves
 x - a staff of conjuration (weapon)
Jewellery
 f - a ring of willpower (left hand)
 r - a ring of poison resistance (right hand)
Scrolls
 g - a scroll of poison {unknown}
 j - 3 scrolls of identify
 k - a scroll of immolation
 n - a scroll of fog
 p - 2 scrolls of blinking {unknown}
 q - a scroll of teleportation {unknown}
 z - a scroll of magic mapping {unknown}
 A - a scroll of torment {unknown}
Potions
 h - a potion of berserk rage {unknown}
 i - 2 potions of curing
 o - 2 potions of might
 s - a potion of haste
 u - 3 potions of magic
 v - a potion of heal wounds {unknown}
 w - a potion of mutation {unknown}


   Skills:
 + Level 1.5 Staves
 + Level 3.6 Ranged Weapons
 - Level 3.0 Dodging
 - Level 1.7 Stealth
 - Level 4.0 Spellcasting
 + Level 6.4 Conjurations
 + Level 3.0 Invocations


You had 11 spell levels left.
You knew the following spells:

 Your Spells              Type           Power      Damage    Failure   Level
a - Magic Dart            Conj           100%       1d8       1%          1
b - Searing Ray           Conj           80%        2d7       1%          2

Your spell library contained the following spells:

 Spells                   Type           Power      Damage    Failure   Level
 Static Discharge         Conj/Air       22%        3-6/arc   6%          2
 Conjure Flame            Conj/Fire      22%        6-21      12%         3
 Dazzling Flash           Conj/Hex       44%        N/A       12%         3
 Mephitic Cloud           Conj/Pois/Air  17%        N/A       19%         3
 Call Imp                 Summ           3%         N/A       22%         2
 Fulminant Prism          Conj/Hex       11%        3d9       36%         4
 Iskenderun's Mystic Bla  Conj/Tloc      22%        2d6       36%         4
 Sticky Flame             Conj/Fire      22%        2d4       36%         4
 Ignite Poison            Fire/Tmut/Pois 3%         N/A       41%         3
 Dispel Undead            Necr           3%         3d7       82%         4


Dungeon Overview and Level Annotations

Branches:
Dungeon (5/15)             Temple (1/1) D:4

Altars:
Elyvilon
Fedhas
Gozag
Hepliaklqana
Kikubaaqudgha
Nemelex Xobeh
Okawaru
Qazlal
Ru
Trog
Uskayaw
Vehumet
Wu Jian
Xom
Yredelemnul
Zin

Annotations:
D:5 Dowan, Duvessa


Innate Abilities, Weirdness & Mutations

Your life essence is reduced to manifest your ancestor. (-10% HP)
You can spit globs of acid.
Your golden yellow scales are hard. (AC +6)
You cannot fit into any form of body armour.
You are cold-blooded and may be slowed by cold attacks.
You are resistant to acid. (rCorr)


Message History

You feel a surge of power! Baqqanum avoids your attack.
The searing ray misses Dowan. (Press . to maintain the ray.) Dowan hits Baqqanum with a +0 dagger.
Baqqanum hits Dowan.
Baqqanum avoids your attack.
The searing ray hits Dowan!
Dowan is severely wounded.
The searing ray misses Duvessa.
Baqqanum hits Duvessa but does no damage.
Baqqanum avoids your attack.
The searing ray hits Duvessa!
Duvessa is moderately wounded.
The searing ray hits Dowan.
Dowan is severely wounded.
Duvessa hits Baqqanum with a +0 short sword.
Dowan says, "Magic and the sword, together, will defeat you."
Dowan mumbles some strange words.
Dowan blinks!
You finish channelling your searing ray.
Duvessa attacks as you move away! Duvessa closely misses you.
Duvessa hits you with a +0 short sword. Duvessa hits you but does no damage.
Baqqanum closely misses Dowan.
Dowan gestures wildly while chanting.
Dowan blinks!
The scorpion attacks as you move away! The scorpion closely misses you.
Duvessa zaps a wand.
The bolt of dispelling energy hits you! Dowan hits you with a +0 dagger.
You swap places.
Something closely misses Baqqanum.
Dowan gestures wildly while chanting.
Dowan blinks!
Dowan casts a spell at you. The puff of flame hits you.
As you read the scroll labelled OKEQIH SIPNA, it crumbles to dust.
The scroll dissolves into smoke.
It was a scroll of fog.
Duvessa zaps a wand.
The bolt of dispelling energy hits you! Dowan closely misses you.
Baqqanum hits Dowan.
The scorpion attacks as you move away! The scorpion stings you.
An adder comes into view.
Duvessa zaps a wand.
The bolt of dispelling energy hits you!
* * * LOW HITPOINT WARNING * * *
Dowan barely misses Baqqanum.
The scorpion stings you.
You die...

.#....... ... #..
.......... .#. .....#..
#........# .. S... .....
##.....#..##.# .... ......
#......#..#.. ... ..#.#.
#........#...... ....##
#........#..# .....
#.8.§§§§....# .###.
#....§e@§...# ##
###...§§s§...## #.....
##.....#§Re.#..####. #.....
#.......§.§.##..##..##.....
##..##.....##..####..#.#...
#####.#...............#...
#..#..................
###...................
##....###...........


You could see the friendly Baqqanum the ancestor, Duvessa (fast), Dowan
(distracted, ally target), a scorpion and an adder (asleep).

Vanquished Creatures
  A water moccasin (D:3)
  A black bear (D:4)
  An ice beast (D:5)
  A phantom (D:4)
  A necrophage (D:5)
  2 scorpions (D:5)
  A jelly (D:5)
  An orc priest (D:3)
  A hound (D:4)
  An orc wizard (D:5)
  Robin (D:2)
  6 adders
  An ufetubus (D:5)
  2 worms (D:2)
  3 dart slugs
  14 orcs
  8 ball pythons
  13 endoplasms
  3 giant cockroaches
  14 goblins
  13 hobgoblins
  13 jackals
  8 kobolds
  2 quokkas
  5 bats
  3 frilled lizards
  3 rats
123 creatures vanquished.

Vanquished Creatures (collateral kills)
  A jelly (D:5)
  3 jackals (D:5)
4 creatures vanquished.

Vanquished Creatures (others)
  An ancestor (D:5)
1 creature vanquished.

Grand Total: 128 creatures vanquished

Notes
Turn   | Place    | Note
-------+----------+-------------------------------------------
     0 | D:1      | jamesp the Draconian Conjurer began the quest for the Orb.
     0 | D:1      | Reached XP level 1. HP: 14/14 MP: 3/3
   418 | D:1      | Reached XP level 2. HP: 20/20 MP: 1/5
   887 | D:1      | Reached XP level 3. HP: 26/26 MP: 0/6
  1372 | D:1      | Found a faded altar of an unknown god.
  1890 | D:2      | Found a white marble altar of Elyvilon.
  2277 | D:2      | Reached XP level 4. HP: 27/33 MP: 0/8
  2522 | D:2      | Noticed Robin
  2558 | D:2      | Killed Robin
  3715 | D:3      | Reached XP level 5. HP: 38/38 MP: 2/9
  3870 | D:3      | Found an opulent altar of Gozag.
  3956 | D:3      | Learned a level 2 spell: Searing Ray
  3961 | D:3      | Reached skill level 1 in Ranged Weapons
  3961 | D:3      | Reached skill level 5 in Conjurations
  4104 | D:3      | Noticed a water moccasin
  4119 | D:3      | Killed a water moccasin
  4120 | D:3      | Reached XP level 6. HP: 31/45 MP: 2/11
  4366 | D:3      | Found a hide-covered altar of Uskayaw.
  4833 | D:4      | Found an iron altar of Okawaru.
  4841 | D:4      | Identified the +6 broad axe "Pepeute" {vorpal, Int-5 Dex+5}
  4978 | D:4      | Found a staircase to the Ecumenical Temple.
  4989 | Temple   | Entered the Ecumenical Temple
  5033 | Temple   | Became a worshipper of Hepliaklqana the Forgotten
  5406 | D:4      | Reached skill level 1 in Invocations
  5743 | D:4      | Found a glowing silver altar of Zin.
  5745 | D:4      | Noticed an angel
  5856 | D:5      | Entered Level 5 of the Dungeon
  5969 | D:5      | Your scales start taking on a golden yellow colour.
  5969 | D:5      | Reached XP level 7. HP: 43/50 MP: 7/13
  5969 | D:5      | Gained mutation: You are resistant to acid. (rCorr) [Yellow
                  | Draconian growth]
  6111 | D:5      | Reached skill level 6 in Conjurations
  6250 | D:5      | Reached * piety under Hepliaklqana
  6486 | D:5      | Reached skill level 1 in Staves
  6663 | D:5      | Noticed Dowan
  6664 | D:5      | Noticed Duvessa
  6679 | D:5      | Slain by a scorpion

Illustrated notes

Levels and vault maps discovered:
D:1:      scummos_arrival_gate, layout_loops_ring,
          chequers_ecumenical_altar_simple_redux
D:2:      layout_basic, basic_altar, uniq_robin
D:3:      layout_basic, mainiacjoe_overflow_paths, old_standard_altar,
          minmay_cut_off
D:4:      layout_loops_corners, zin_angel, kennysheep_okawaru_gauntlet,
          minmay_temple_entry_overgrown, minmay_misc_feat_more_columns,
          kennysheep_generic_room_8
D:5:      layout_cave_pools, serial_column_ruins, column_ruins_square_medium,
          column_ruins_grid_1, column_ruins_grid_1,
          column_ruins_columns_dead_end, column_ruins_open_tiny,
          column_ruins_columns_dead_end, column_ruins_grid_1,
          column_ruins_open_tiny, uniq_duvessa
Temple:   nicolae_temple_great_sept

Skill      XL: |  1  2  3  4  5  6  7 |
---------------+----------------------+-----
Dodging        | 2 3 |  3.0
Spellcasting   | 3 4 |  4.0
Ranged Weapons | 1 2 3 |  3.6
Conjurations   | 5 6 |  6.4
Invocations    | 1 3 |  3.0
Staves         | 1 |  1.5
Stealth        | |  1.7

Action                   |  1- 3 |  4- 6 |  7- 9 || total
-------------------------+-------+-------+-------++-------
Melee: Dagger            |    94 |    21 |       ||   115
       Tailslap          |    14 |    13 |     2 ||    29
       Club              |       |    52 |       ||    52
       Flail             |       |    10 |       ||    10
       Staff             |       |       |    23 ||    23
 Cast: Magic Dart        |    81 |    80 |    30 ||   191
       Searing Ray       |       |     6 |     6 ||    12
 Abil: Breathe Acid      |       |       |     1 ||     1
  Use: Potion            |     1 |     1 |       ||     2
       Scroll            |       |     3 |     1 ||     4
 Stab: Sleeping          |       |       |     1 ||     1
Armor: Skin              |    24 |    33 |    21 ||    78
Dodge: Dodged            |    76 |    50 |    37 ||   163
